AoeStats
← OreosOfChina

Arabia

507777351Analyzed
2v2 RM · 13d ago on Sep 19, 2026· 38m 57s· 4 players
Game mode
Random Map
Map size
Medium (4 player)
Population
200
Speed
Normal
Resources
Standard
Victory
Conquest
Starting age
Dark Age
Ending age
Imperial Age
RankedLock teamsTeams togetherTeam positionsShared explorationLock speedFull tech treeHidden civsTurbo modeCheats
Victory
Defeat
🇬🇧 Lithuanians · United Kingdom
932
+14
🇬🇧 Khmer · United Kingdom
890
+16
🇦🇷 Maya · Argentina
891
-29
🇨🇳 Magyars · China
881
-15
Don_Kowa
Rex Incognito
Sir Lord Jimmy Crystal
8:35 Loom
10:56 Feudal Age
14:16 Castle Age
13:40 Double-Bit Axe
15:37 Bow Saw
30:19 Imperial Age
27:54 Gold Mining
28:32 Horse Collar
30:29 Heavy Plow
32:23 Gold Shaft Mining
34:07 Stone Mining
OreosOfChina
10:51 Feudal Age
11:01 Loom
14:59 Bloodlines
27:13 Castle Age
28:44 Stone Mining
28:46 Gold Mining
33:39 Imperial Age
32:48 Stone Shaft Mining
Connection lost

Rejoining the realm…

Still unreachable

The connection could not be restored.

Session expired

The server has moved on; the page needs a fresh start.